 Dungeon Crawl Stone Soup version 0.23.2-1-ga50397a6bc (webtiles) character file.

Game seed: 1648296312540504966

217 MachJacob the Cudgeler (level 5, -4/34 HPs)
             Began as a Gargoyle Fighter on Apr 27, 2019.
             Killed by divine providence
             ... invoked by an orc priest
              (11 damage)
             ... on level 3 of the Dungeon.
             The game lasted 00:09:56 (2968 turns).

MachJacob the Cudgeler (Gargoyle Fighter)           Turns: 2968, Time: 00:09:57

Health: -4/34      AC: 20    Str: 21    XL:     5   Next: 94%
Magic:  5/5        EV:  7    Int:  8    God:
Gold:   165        SH:  9    Dex:  9    Spells: 4/4 levels left

rFire    . . .     SeeInvis .   v - +1 morningstar (protect)
rCold    . . .     Gourm    .   c - +0 shield
rNeg     + . .     Faith    .   b - +0 scale mail
rPois    ∞         Spirit   .   e - +1 helmet
rElec    +         Reflect  .   (no cloak)
rCorr    .         Harm     .   (no gloves)
MR       .....                  (no boots)
Stlth    ..........             (no amulet)
HPRegen  0.11/turn              (no ring)
MPRegen  0.09/turn              (no ring)

@: protection aura
A: negative energy resistance 1, electricity resistance, unbreathing,
petrification resistance, rot immunity, AC +4
a: no special abilities


You were on level 3 of the Dungeon.
You were not hungry.

You visited 1 branch of the dungeon, and saw 3 of its levels.

You collected 165 gold pieces.

Inventory:

Hand Weapons
 v - a +1 morningstar of protection (weapon)
Missiles
 l - 109 stones (quivered)
Armour
 b - a +0 scale mail (worn)
 c - a +0 shield (worn)
 e - a +1 helmet (worn)
 h - a +0 cloak
 k - a cursed +0 pair of gloves
 n - a +0 pair of boots
Jewellery
 s - an uncursed ring of positive energy {unknown}
Scrolls
 g - 2 scrolls of identify {unknown}
 m - a scroll of noise {unknown}
 p - a scroll of remove curse {unknown}
 t - 2 scrolls of enchant weapon {unknown}
 w - a scroll of magic mapping {unknown}
Potions
 a - a potion of agility {unknown}
 d - 2 potions of might
 i - 2 potions of berserk rage {unknown}
 j - 2 potions of degeneration {unknown}
 o - a potion of magic {unknown}
 q - a potion of curing {unknown}
 r - a potion of mutation {unknown}
 u - 3 potions of flight {unknown}
Comestibles
 f - 7 rations


   Skills:
 + Level 4.5 Fighting
 * Level 4.5 Maces & Flails
 + Level 3.6 Armour
 + Level 0.8 Dodging
 + Level 3.6 Shields


You had 4 spell levels left.
You didn't know any spells.
Your spell library was empty.

Dungeon Overview and Level Annotations

Branches:
Dungeon (3/15)

Altars:


Innate Abilities, Weirdness & Mutations

You are resistant to torment.
Your stone body is resilient. (AC +4)
You are immune to poison.
You resist negative energy. (rN+)
You are resistant to electric shocks. (rElec)
You can survive without breathing.
You are immune to petrification.
You are immune to rotting.


Message History

You block the orc priest's attack.
You hit the orc priest.
You kill the orc priest!
You barely miss the orc priest.
The orc priest hits you but does no damage.
You barely miss the orc priest.
The orc priest hits you but does no damage.
The orc priest looks braver for a moment.
The orc priest completely misses you.
Your shield and scale mail prevent you from hitting the orc priest.
The orc priest hits you.
* * * LOW HITPOINT WARNING * * *
You sock the orc priest!
Your weapon exudes an aura of protection.
You kill the orc priest!
You puncture the orc priest!
The orc priest is severely wounded.
The orc priest mumbles some strange prayers to Beogh against you.
Beogh smites you!
You die...

#### #.# #.# #.# #.#
#########.##
...........#
#########..##### #
#..........####..#
#.###.......@oo..# #
###.####.###.#####....
# #.....##.###.## #
###.....##.##...######.
..............#........
###.....##.##...######.
#.....##.###.##
###.####.# #.#
#.####.###.#


You could see an orc priest and an orc.

Vanquished Creatures
  2 orc priests (D:3)
  Jessica (D:3)
  Terence (D:3)
  Robin (D:2)
  3 adders (D:2)
  2 worms (D:2)
  A dart slug (D:1)
  2 orcs (D:3)
  5 bats
  4 giant cockroaches
  17 goblins
  8 hobgoblins
  4 kobolds
  3 ball pythons (D:2)
  5 frilled lizards
  3 rats
62 creatures vanquished.

Notes
Turn   | Place    | Note
-------+----------+-------------------------------------------
     0 | D:1      | MachJacob the Gargoyle Fighter began the quest for the Orb.
     0 | D:1      | Reached XP level 1. HP: 14/14 MP: 1/1
   500 | D:1      | Reached XP level 2. HP: 19/19 MP: 2/2
   779 | D:1      | You fall through a shaft!
   837 | D:2      | Noticed Robin
   847 | D:2      | Reached XP level 3. HP: 23/24 MP: 3/3
   874 | D:2      | Killed Robin
  1358 | D:1      | Reached XP level 4. HP: 29/29 MP: 4/4
  2475 | D:3      | Noticed Jessica
  2499 | D:3      | Killed Jessica
  2499 | D:3      | Reached XP level 5. HP: 33/33 MP: 5/5
  2573 | D:3      | Noticed Terence
  2593 | D:3      | Killed Terence
  2968 | D:3      | Killed from afar by an orc priest

Skill      XL: |  1  2  3  4 |
---------------+-------------+-----
Maces & Flails | 3 4 |  4.5
Fighting       | 4 |  4.5
Armour         | |  3.6
Dodging        | |  0.8
Shields        | |  3.6

Action                   |  1- 3 |  4- 6 || total
-------------------------+-------+-------++-------
Melee: Flail             |   118 |   104 ||   222
       Morningstar       |       |    14 ||    14
Throw: Stone             |    64 |    47 ||   111
  Eat: Chunk             |     2 |     5 ||     7
Armor: Scale mail        |    59 |    42 ||   101
Dodge: Dodged            |    37 |    28 ||    65
Block: Shield            |    68 |    54 ||   122
